 Dungeon Crawl Stone Soup version 0.30.1-4-g462c640d31 (webtiles) character file.

Game seed: 10297452666605630466

46 Peloso the Trooper (level 3, -1/33 HPs)
             Began as a Hill Orc Fighter on Aug 27, 2023.
             Succumbed to an adder's poison
             ... on level 2 of the Dungeon.
             The game lasted 00:01:39 (992 turns).

Peloso the Trooper (Hill Orc Fighter)                Turns: 992, Time: 00:01:39

Health: -1/33      AC:  7    Str: 18    XL:     3   Next: 68%
Magic:  3/3        EV:  9    Int:  8    God:
Gold:   70         SH:  5    Dex: 12    Spells: 2/2 levels left

rFire   . . .        a - +0 long sword
rCold   . . .        c - +0 buckler
rNeg    . . .        b - +1 scale mail
rPois   .            (no helmet)
rElec   .            (no cloak)
rCorr   .            (no gloves)
SInv    .            (no boots)
Will    .....        (no amulet) Stlth
                     (no ring)
HPRegen 0.25/turn    (no ring)
MPRegen 0.08/turn

%: no passive effects
@: lethally poisoned (-1 -> -10)
A: no striking features
a: no special abilities


You were on level 2 of the Dungeon.
You visited 1 branch of the dungeon, and saw 2 of its levels.

You collected 70 gold pieces.

Inventory:

Hand Weapons
 a - a +0 long sword (weapon)
Armour
 b - a +1 scale mail (worn)
 c - a +0 buckler (worn)
Jewellery
 e - a ring of poison resistance
 f - a ring of magical power
Scrolls
 g - a scroll of poison {unknown}
Potions
 d - 2 potions of might
 h - a potion of curing


   Skills:
 + Level 4.1 Fighting
 + Level 2.8 Long Blades
 + Level 3.5 Armour
 + Level 0.3 Dodging
 + Level 3.9 Shields


You had 2 spell levels left.
You didn't know any spells.
Your spell library was empty.

Dungeon Overview and Level Annotations

Branches:
Dungeon (2/15)

Altars:


Message History

A gnoll comes into view. It is wielding a +0 spear.
A gnoll is nearby!
A gnoll is nearby!
A gnoll comes into view. It is wielding a +0 halberd.
The gnoll shouts! x2; You hear a shout!
An adder comes into view.
The gnoll moves out of view.
A gnoll comes into view. It is wielding a +0 flail.
The adder hisses angrily.
The gnoll shouts!
The gnoll hits you from afar with a +0 spear.
The gnoll hits you with a +0 halberd.
The gnoll hits you from afar with a +0 halberd.
The gnoll throws a stone.
You block the stone. You block the gnoll's attack. The gnoll barely misses you.
The gnoll closely misses you. You block the gnoll's attack.
You open the door. You block the adder's attack. The gnoll closely misses you.
The gnoll hits you from afar with a +0 halberd.
The gnoll attacks as you move away! The gnoll hits you but does no damage.
The gnoll hits you with a +0 spear. The adder barely misses you.
There is an open door here.
The gnoll attacks as you move away! The gnoll hits you with a +0 flail.
The gnoll hits you from afar with a +0 spear.
* * * LOW HITPOINT WARNING * * *
You block the adder's attack. The adder attacks as you move away!
The adder barely misses you. The adder attacks as you move away!
The adder barely misses you. The adder bites you.
* * * LOW HITPOINT WARNING * * *
The adder attacks as you move away! The adder bites you but does no damage.
The adder bites you but does no damage. The adder attacks as you move away!
The adder bites you.
* * * LOW HITPOINT WARNING * * *
You are poisoned.
The adder poisons you!
You feel sick.
You feel sick. The adder bites you.
* * * LOW HITPOINT WARNING * * *
You are more poisoned.
The adder poisons you!
You die...

#.>.................+
#.##).####.###......# #.##..#
#.# #......#
####.##..####.###......#
#......................#
#...........<..........#
##....##.#.#...#####.####
#.....+..#.#..## #.######
#.....####.#.@######..[...###
#.#####......................
#.# #.##.#.S######..###.###
#.# #.##...g######..# # #.#
........g.g...#.###.# #.#
#.##.##.###g......... #.#
###.##.##.#####.##.....
#.###...##.##.#......#......
#..†..........#......#......


You could see 2 gnolls and an adder.

Vanquished Creatures
  An adder (D:2)
  4 ball pythons (D:1)
  2 endoplasms (D:1)
  2 giant cockroaches (D:1)
  6 goblins
  3 hobgoblins (D:1)
  5 jackals
  2 kobolds (D:1)
  2 quokkas (D:1)
  3 frilled lizards (D:1)
  A rat (D:1)
31 creatures vanquished.

Notes
Turn   | Place    | Note
-------+----------+-------------------------------------------
     0 | D:1      | Peloso the Hill Orc Fighter began the quest for the Orb.
     0 | D:1      | Reached XP level 1. HP: 19/19 MP: 1/1
   131 | D:1      | Reached XP level 2. HP: 27/27 MP: 2/2
   429 | D:1      | Reached skill level 4 in Fighting
   457 | D:1      | Reached XP level 3. HP: 23/33 MP: 3/3
   992 | D:2      | Succumbed to an adder's poison

Illustrated notes

Levels and vault maps discovered:
D:1:      dpeg_arrival_court, layout_loops_ring, corner_web_ring
D:2:      layout_basic, chequers_serial_rivers_room_a

Skill      XL: |  1  2 |
---------------+-------+-----
Fighting       | 4 |  4.1
Long Blades    | |  2.8
Armour         | |  3.5
Dodging        | |  0.3
Shields        | |  3.9

Action                     || total
---------------------------++-------
  Melee: Long sword        ||    89
    Use: Scroll            ||     1
         Potion            ||     1
 Armour: Scale mail        ||    46
  Dodge: Dodged            ||    38
  Block: Buckler           ||    28
